Map: Triton LE

Players

soul

  • Race: Terran Terran
  • League: Grandmaster
  • Spawn Location: 11:00

LiquidTaeJa (TaeJa) - Winner!

  • Race: Terran Terran
  • League: Master
  • Spawn Location: 5:00

Event: HomeStory Cup XX

VOD

Have the link to the VOD?

Description

Time

  • Played on: Nov. 21, 2019, 6:34 a.m.
  • Length: 6:28

All games in this series

Show
View Real Time Build Order
Export as new Build Order

soul Terran 

Build Orders: Gas First Reaper Expand 

Get SALT Encoding   

  12  0:00  SCV  
  13  0:13  SCV  
  14  0:17  Supply Depot  
  14  0:25  SCV  
  14  0:28  Refinery  
  15  0:38  SCV  
  16  0:44  Barracks  
  16  0:50  SCV  
  17  1:03  SCV  
  18  1:15  SCV  
  19  1:32  Orbital Command, Reaper  
  20  1:48  Command Center  
  20  1:59  Factory  
  20  2:01  SCV  
  21  2:07  Barracks Reactor  
  21  2:10  Supply Depot  
  21  2:13  SCV  
  22  2:19  Refinery  
  22  2:25  SCV  
  23  2:37  SCV  
  23  2:43  Marine x2  
  26  2:44  Starport  
  26  2:48  Hellion  
  26  2:49  SCV  
  28  3:01  Marine x2, SCV  
  31  3:18  Supply Depot  
  31  3:22  Starport Tech Lab  
  31  3:32  Command Center  
  31  3:36  Factory Tech Lab  
  31  3:39  Marine, SCV  
  33  3:41  Supply Depot  
  33  3:42  Raven  
  35  3:51  Marine  
  35  3:52  SCV  
  37  3:59  Marine, Supply Depot  
  38  4:03  Siege Tank  
  38  4:04  SCV  
  42  4:16  SCV  
  43  4:20  Marine x2  
  43  4:21  Supply Depot  
  45  4:28  SCV  
  49  4:39  Marine x2  
  49  4:40  SCV, Raven  
  51  4:52  SCV  
  52  4:56  Refinery  
  52  4:57  Marine  
  52  4:59  Siege Tank  
  56  5:00  Orbital Command  
  56  5:04  SCV  
  55  5:10  Marine  
  56  5:16  SCV  
  57  5:21  Marine  
  57  5:27  SCV  
  59  5:28  SCV  
  59  5:30  Supply Depot  
  60  5:39  SCV  
  60  5:40  SCV  
  63  5:43  Supply Depot  
  63  5:44  Supply Depot  
  66  5:51  Factory Tech Lab, Command Center, SCV  
  63  5:57  SCV  
  63  6:02  Barracks x2  
  63  6:04  SCV  
  65  6:05  Refinery  
  65  6:06  Marine  
  65  6:09  SCV  
  67  6:16  SCV  
Show
View Real Time Build Order
Export as new Build Order

LiquidTaeJa Terran - Winner!

Build Orders:  

Get SALT Encoding   

  12  0:00  SCV  
  13  0:12  SCV  
  14  0:16  Supply Depot  
  14  0:24  SCV  
  15  0:38  SCV  
  15  0:39  Barracks  
  16  0:42  Refinery  
  16  0:50  SCV  
  17  0:58  Barracks  
  17  1:02  SCV  
  18  1:14  SCV  
  19  1:27  Reaper  
  19  1:28  Orbital Command  
  20  1:36  Supply Depot  
  20  1:47  Reaper  
  20  1:53  SCV  
  22  2:02  Reaper  
  22  2:05  SCV  
  24  2:13  Command Center  
  24  2:17  SCV  
  24  2:19  Refinery  
  25  2:29  SCV  
  26  2:36  Marine x2  
  28  2:39  Factory  
  28  2:42  SCV  
  29  2:46  Bunker  
  29  2:54  SCV  
  29  2:56  Supply Depot  
  30  3:03  Barracks Tech Lab, Barracks Reactor  
  30  3:10  SCV  
  31  3:24  SCV  
  31  3:25  Starport  
  31  3:26  Orbital Command  
  32  3:29  Marine  
  33  3:35  Refinery  
  33  3:36  Cyclone  
  33  3:37  SCV  
  37  3:44  Marine x2  
  39  3:48  Barracks Tech Lab  
  39  3:49  SCV  
  39  3:52  SCV  
  39  3:55  Supply Depot  
  41  4:01  SCV  
  42  4:04  SCV  
  42  4:05  Marine x2  
  45  4:13  SCV  
  45  4:14  Raven  
  45  4:16  Marine  
  49  4:18  SCV  
  50  4:25  Supply Depot  
  50  4:26  SCV  
  50  4:30  SCV  
  52  4:33  Siege Tank  
  52  4:34  Marine  
  52  4:35  Marine  
  52  4:37  Marine  
  52  4:38  SCV  
  59  4:43  SCV  
  59  4:50  SCV  
  60  4:53  Command Center  
  60  4:56  SCV  
  60  4:57  Raven  
  60  4:59  Refinery, Supply Depot  
  63  5:02  Barracks Tech Lab, SCV  
  63  5:06  Marine x2  
  66  5:08  SCV  
  66  5:11  Siege Tank  
  70  5:16  Supply Depot  
  70  5:20  SCV  
  71  5:22  Marine  
  71  5:23  Supply Depot  
  72  5:30  SCV  
  72  5:33  SCV  
  74  5:40  Marine x3  
  77  5:44  Siege Tank  
  77  5:46  SCV x2  
  77  5:49  Engineering Bay  
  82  5:50  Engineering Bay  
  82  5:51  Starport Reactor  
  82  5:57  Marine  
  82  5:58  Marine, SCV x2  
  82  6:00  Barracks  
  82  6:01  Marine, Supply Depot  
  87  6:10  SCV  
  88  6:13  SCV  
Tags
 
Add a new tag
Caveats
  • Supply blocks, unpowered buildings, or Contaminate may cause inaccurate times.
  • Supply counts are checked every 10 seconds.